Workbook
Name a: [1]INSUMOS!#REF!
Name a: [1]INSUMOS!#REF!
Name Aterro_arenoso: [2]Preços!$C$15
Name Carrinho_de_mão: [2]Preços!$C$291
Name Compactador_de_placa_vibratória: [2]Preços!$C$286
Name Encarregado: [2]Preços!$C$277
Name LADRILHISTA: [1]INSUMOS!#REF!
Name LADRILHISTA: [1]INSUMOS!#REF!
Name MAO_DE_OBRA_PARA_COLOCACAO_DE_VIDRO_COM_MASSA: [1]INSUMOS!#REF!
Name MAO_DE_OBRA_PARA_COLOCACAO_DE_VIDRO_COM_MASSA: [1]INSUMOS!#REF!
Name Oficial: [2]Preços!$C$278

Sheet ORÇAMENTO - CASA DE FORÇA
I1: BDI | J1: 1.2882
A6: ESTADO DO PARÁ
A7: PREFEITURA MUNICIPAL DE TUCURUÍ
A8: SECRETARIA MUNICIPAL DE OBRAS, SERVIÇOS URBANOS E HABITAÇÃO
A10: PLANILHA DE QUANTITATIVO E PREÇOS
A12: CONSTRUÇÃO DE CASA DE FORÇA E FORNECIMENTO E INSTALAÇÃO DE BALIZAMENTO DO AEROPORTO REGIONAL DE TUCURUÍ | I12: Reprogramação abril 2018
A15: BDI: 28,82%
A16: SINAPI JULHO/2021 e SEDOP MARÇO/2021
A17: ENCARGOS SOCIAIS DESONERADOS: 86,90%(HORA) 47,89%(MÊS)
A18: Item | B18: Sinapi | C18: Serviços | D18: Unid. | E18: Quant. | F18: Valor Unitário | G18: Preço (R$) Valor unit. + BDI | H18: Valor Total
A19: 1 | B19: SERVIÇOS PRELIMINARES
A20: 1.1 | B20: Composição | C20: Instalação provisória de luz e força para obra | D20: un | E20: 1 | F20: =Composição!F36 -> 1483.32 | G20: =F20*$J$1 -> 1910.81 | H20: =E20*G20 -> 1910.81
A21: 1.2 | B21: SEDOP 011340 | C21: Placas de obra em lona com plotagem de gráfica, dim 3,00x2,00m - 1 unidade | D21: m² | E21: 6 | F21: 173.48 | G21: =F21*$J$1 -> 223.48 | H21: =E21*G21 -> 1340.88 | I21: =2.88*1.8 -> 5.18 | J21: =2*4 -> 8
A22: 1.3 | B22: 99059 | C22: Locação convencional de obra, utilizando gabarito de tábuas corridas | D22: m | E22: =18.32+6.8+2 -> 27.12 | F22: 44.4 | G22: =F22*$J$1 -> 57.2 | H22: =E22*G22 -> 1551.26
A23: 1.4 | B23: 98524 | C23: Limpeza manual de vegetação em terreno com enxada | D23: m² | E23: =E150 -> 282 | F23: 2.39 | G23: =F23*$J$1 -> 3.08 | H23: =E23*G23 -> 868.56
A24: TOTAL DO ITEM 1 | H24: =SUM(H20:H23) -> 5671.51 | I24: =H24 -> 5671.51
A25: 2 | B25: INFRAESTRUTURA E SUPERESTRUTURA
A26: 2.1 | B26: 93358 | C26: Execução de escavação manual de vala em solo de 1ª categoria com profundidade até 2,00 m | D26: m³ | E26: 20.91 | F26: 59.57 | G26: =F26*$J$1 -> 76.74 | H26: =E26*G26 -> 1604.63
A27: 2.2 | B27: 101616 | C27: Execução de apiloamento de fundo de vala | D27: m² | E27: 26.39 | F27: 4.37 | G27: =F27*$J$1 -> 5.63 | H27: =E27*G27 -> 148.58
A28: 2.3 | B28: SEDOP 040257 | C28: Fornecimento, preparo e lançamento de concreto magro para regularização e lastro fck 10 Mpa | D28: m³ | E28: 0.36 | F28: 584.2 | G28: =F28*$J$1 -> 752.57 | H28: =E28*G28 -> 270.93
A29: 2.4 | B29: 92791 | C29: Fornecimento, dobra e aplicação de aço CA-60 B 5.0 | D29: kg | E29: 287.5 | F29: 10.35 | G29: =F29*$J$1 -> 13.33 | H29: =E29*G29 -> 3832.38
A30: 2.5 | B30: 92793 | C30: Fornecimento, dobra e aplicação de aço CA-60 B 8.0 | D30: kg | E30: 376.6 | F30: 10.66 | G30: =F30*$J$1 -> 13.73 | H30: =E30*G30 -> 5170.72
A31: 2.6 | B31: 92794 | C31: Fornecimento, dobra e aplicação de aço CA-60 B 10.0 | D31: kg | E31: 231.8 | F31: 9.86 | G31: =F31*$J$1 -> 12.7 | H31: =E31*G31 -> 2943.86
A32: 2.7 | B32: SEDOP 050035 + 050037 | C32: Fornecimento de forma de madeira para concreto em infra-estrutura, inclusive desforma | D32: m² | E32: 206.52 | F32: 63.99 | G32: =F32*$J$1 -> 82.43 | H32: =E32*G32 -> 17023.44
A33: 2.8 | B33: SEDOP050740 | C33: Fornecimento, preparo e lançamento de concreto estrutural controle "B" fck 25 Mpa | D33: m³ | E33: 13.91 | F33: 723.67 | G33: =F33*$J$1 -> 932.23 | H33: =E33*G33 -> 12967.32
A34: 2.9 | B34: 93382 | C34: Lançamento e compactação de reaterro manual com material coesivo de 1ª categoria proveniente da escavação das fundações | D34: m³ | E34: 14.52 | F34: 23.55 | G34: =F34*$J$1 -> 30.34 | H34: =E34*G34 -> 440.54
A35: 2.10 | B35: 98557 | C35: Impermeabilização de fundação com emulsão asfáltica, duas demãos | D35: m² | E35: 71.31 | F35: 31.19 | G35: =F35*$J$1 -> 40.18 | H35: =E35*G35 -> 2865.24
A36: TOTAL DO ITEM 2 | H36: =SUM(H26:H35) -> 47267.64
A37: 3 | B37: VEDAÇÕES INTERNAS E EXTERNAS
A38: 3.1 | B38: 101161 | C38: Fornecimento e assentamento de vedação com elemento vazado de concreto (cobogó) de 7x50x50 cm e argamassa de assentamento com preparo em betoneira | D38: m² | E38: =((6.5+5.5)*0.5)+(1*0.5*2) -> 7 | F38: 166.52 | G38: =F38*$J$1 -> 214.51 | H38: =E38*G38 -> 1501.57
A39: 3.2 | B39: 87519 | C39: Fornecimento e execução de alvenaria em tijolo cerâmico furado 9 x 19 x 19 cm, assentado em argamassa de traço 1:4 (cimento e areia), posição a cutelo | D39: m² | E39: =(25.86*2)+(18.32*3.1*2)+((4.3+1.65+5.52+6.5)*3.1) -> 221.01 | F39: 71.44 | G39: =F39*$J$1 -> 92.03 | H39: =E39*G39 -> 20339.55
A40: TOTAL DO ITEM 3 | H40: =SUM(H38:H39) -> 21841.12 | I40: =H40 -> 21841.12
A41: 4 | B41: COBERTURA
A42: 4.1 | B42: 94207 | C42: Fornecimento e instalação de cobertura de telha ondulada de fibrocimento, e = 6 mm | D42: m² | E42: =89.4*1.02*2 -> 182.38 | F42: 58.05 | G42: =F42*$J$1 -> 74.78 | H42: =E42*G42 -> 13638.38 | I42: FATOR DE CORREÇÃO 20% = 1,02
A43: 4.2 | B43: 94223 | C43: Fornecimento e instalação de cumeeira em fibrocimento, inclusive juntas e acessórios | D43: m | E43: 20.4 | F43: 73.85 | G43: =F43*$J$1 -> 95.13 | H43: =E43*G43 -> 1940.65
A44: 4.3 | B44: 92559 | C44: Fabricação e instalação de tesoura inteira em madeira não aparelhada, vão de 7 m, para tleha ondulada de fibrocimento | D44: unid. | E44: 5 | F44: 1411.06 | G44: =F44*$J$1 -> 1817.73 | H44: =E44*G44 -> 9088.65
A45: 4.4 | B45: 92543 | C45: Trama de madeira composta por terças para telhado de até 2 águas para telha ondulada de fibrocimento, incluso transporte vertical | D45: m² | E45: =E42 -> 182.38 | F45: 18.27 | G45: =F45*$J$1 -> 23.54 | H45: =E45*G45 -> 4293.23
A46: TOTAL DO ITEM 4 | H46: =SUM(H42:H45) -> 28960.91 | I46: =H46 -> 28960.91
A47: 5 | B47: INSTALAÇÕES ELÉTRICAS
A48: 5.1 | B48: 91924 | C48: Fornecimento, lançamento e ligação de cabo unipolar de cobre isolante PVC 450 / 750V - 1,5 mm² - na cor azul claro | D48: m | E48: 60 | F48: 2.69 | G48: =F48*$J$1 -> 3.47 | H48: =E48*G48 -> 208.2
A49: 5.2 | B49: 91924 | C49: Fornecimento, lançamento e ligação de cabo unipolar de cobre isolante PVC 450 / 750V - 1,5 mm² - na cor branco | D49: m | E49: 62 | F49: 2.69 | G49: =F49*$J$1 -> 3.47 | H49: =E49*G49 -> 215.14
A50: 5.3 | B50: 91924 | C50: Fornecimento, lançamento e ligação de cabo unipolar de cobre isolante PVC 450 / 750V - 1,5 mm² - na cor preto | D50: m | E50: 40 | F50: 2.69 | G50: =F50*$J$1 -> 3.47 | H50: =E50*G50 -> 138.8
A51: 5.4 | B51: 91924 | C51: Fornecimento, lançamento e ligação de cabo unipolar de cobre isolante PVC 450 / 750V - 1,5 mm² - na cor verde amarelo | D51: m | E51: 12.3 | F51: 2.69 | G51: =F51*$J$1 -> 3.47 | H51: =E51*G51 -> 42.68
A52: 5.5 | B52: 91926 | C52: Fornecimento, lançamento e ligação de cabo unipolar de cobre isolante PVC 450 / 750V - 2,5 mm² - na cor azul claro | D52: m | E52: 75 | F52: 4.01 | G52: =F52*$J$1 -> 5.17 | H52: =E52*G52 -> 387.75
A53: 5.6 | B53: 91926 | C53: Fornecimento, lançamento e ligação de cabo unipolar de cobre isolante PVC 450 / 750V - 2,5 mm² - na cor preto | D53: m | E53: 140 | F53: =F52 -> 4.01 | G53: =F53*$J$1 -> 5.17 | H53: =E53*G53 -> 723.8
A54: 5.7 | B54: 91926 | C54: Fornecimento, lançamento e ligação de cabo unipolar de cobre isolante PVC 450 / 750V - 2,5 mm² - na cor verde-amarelo | D54: m | E54: 70 | F54: =F52 -> 4.01 | G54: =F54*$J$1 -> 5.17 | H54: =E54*G54 -> 361.9
A55: 5.8 | B55: 92986 | C55: Fornecimento, lançamento e ligação de cabo unipolar de cobre isolante PVC 0,6 / 1 KV - 35 mm² - na cor verde amarelo | D55: m | E55: 24.6 | F55: 40.65 | G55: =F55*$J$1 -> 52.37 | H55: =E55*G55 -> 1288.3
A56: 5.9 | B56: 92990 | C56: Fornecimento, lançamento e ligação de cabo unipolar de cobre isolante PVC 0,6 / 1 KV - 70 mm² - na cor azul claro | D56: m | E56: 24.6 | F56: 78.92 | G56: =F56*$J$1 -> 101.66 | H56: =E56*G56 -> 2500.84
A57: 5.10 | B57: 92990 | C57: Fornecimento, lançamento e ligação de cabo unipolar de cobre isolante PVC 0,6 / 1 KV - 70 mm² - na cor preto | D57: m | E57: 73.7 | F57: 78.92 | G57: =F57*$J$1 -> 101.66 | H57: =E57*G57 -> 7492.34
A58: 5.11 | B58: 91935 | C58: Fornecimento, lançamento e ligação de cabo unipolar de cobre isolante PVC 0,6 / 1 KV - 16 mm² - na cor azul claro | D58: m | E58: 5.5 | F58: 25.24 | G58: =F58*$J$1 -> 32.51 | H58: =E58*G58 -> 178.81
A59: 5.12 | B59: 91935 | C59: Fornecimento, lançamento e ligação de cabo unipolar de cobre isolante PVC 0,6 / 1 KV - 16 mm² - na cor preto | D59: m | E59: 16.3 | F59: 25.24 | G59: =F59*$J$1 -> 32.51 | H59: =E59*G59 -> 529.91
A60: 5.13 | B60: 91935 | C60: Fornecimento, lançamento e ligação de cabo unipolar de cobre isolante PVC 0,6 / 1 KV - 16 mm² - na cor verde amarelo | D60: m | E60: 5.5 | F60: 25.24 | G60: =F60*$J$1 -> 32.51 | H60: =E60*G60 -> 178.81
A61: 5.14 | B61: 91953 | C61: Fornecimento e instalação de interruptor simples - 1 tecla | D61: un | E61: 5 | F61: 21.07 | G61: =F61*$J$1 -> 27.14 | H61: =E61*G61 -> 135.7
A62: 5.15 | B62: 91996 | C62: Fornecimento e instalação de tomada hexagonal 2P+T - 10 A | D62: un | E62: 7 | F62: 24.82 | G62: =F62*$J$1 -> 31.97 | H62: =E62*G62 -> 223.79
A63: 5.16 | B63: 91997 | C63: Fornecimento e instalação de tomada hexagonal 2P+T - 20 A | D63: un | E63: 3 | F63: 26.96 | G63: =F63*$J$1 -> 34.73 | H63: =E63*G63 -> 104.19 | I63: 20 A
A64: 5.17 | B64: 91940 | C64: CAIXA RETANGULAR 4" X 2" MÉDIA (1,30 M DO PISO), PVC, INSTALADA EM PAREDE - FORNECIMENTO E INSTALAÇÃO | D64: un | E64: 15 | F64: 11.24 | G64: =F64*$J$1 -> 14.48 | H64: =E64*G64 -> 217.2
A65: 5.18 | B65: 91836 | C65: Fornecimento e instalação de eletroduto de PVC flexível leve - 1" | D65: m | E65: 4 | F65: 8.69 | G65: =F65*$J$1 -> 11.19 | H65: =E65*G65 -> 44.76
A66: 5.19 | B66: 91854 | C66: Fornecimento e instalação de eletroduto de PVC flexível leve - 3/4" | D66: m | E66: 140 | F66: 6.8 | G66: =F66*$J$1 -> 8.76 | H66: =E66*G66 -> 1226.4
A67: 5.20 | B67: 93653 | C67: Fornecimento e instalação de disjuntor termomagnético monopolar 10 A - norma DIN | D67: un | E67: 4 | F67: 9.59 | G67: =F67*$J$1 -> 12.35 | H67: =E67*G67 -> 49.4
A68: 5.21 | B68: 93660 | C68: Fornecimento e instalação de disjuntor termomagnético bipolar 10 A - norma DIN | D68: un | E68: 1 | F68: 48.44 | G68: =F68*$J$1 -> 62.4 | H68: =E68*G68 -> 62.4
A69: 5.22 | B69: 93661 | C69: Fornecimento e instalação de disjuntor termomagnético bipolar 16 A - tipo DIN | D69: un | E69: 1 | F69: 49.29 | G69: =F69*$J$1 -> 63.5 | H69: =E69*G69 -> 63.5
A70: 5.23 | B70: SEDOP 180679 | C70: Fornecimento e execução de caixa de passagem em alvenaria C/ Tampa de concreto 500 x 500x 500 mm | D70: un | E70: =2+2 -> 4 | F70: 351.65 | G70: =F70*$J$1 -> 453 | H70: =E70*G70 -> 1812
A71: 5.24 | B71: Composição | C71: Fornecimento e instalação de refletor retangular LED 30w/220v | D71: un | E71: 3 | F71: =Composição!F49 -> 81.58 | G71: =F71*$J$1 -> 105.09 | H71: =E71*G71 -> 315.27
A72: 5.25 | B72: 101879 | C72: Fornecimento e instalação de quadro de distribuição chapa pintada, de embutir, barramento trifásico, padrão DIN, capacidade 24 disjuntores unipolares - 150A | D72: un | E72: 2 | F72: 510.72 | G72: =F72*$J$1 -> 657.91 | H72: =E72*G72 -> 1315.82
A73: 5.26 | B73: SEDOP 170693 | C73: Subestação aérea c/ transformador 75 KVA (incl.poste, acessórios e cabine de medição) | D73: un | E73: 1 | F73: 34882.11 | G73: =F73*$J$1 -> 44935.13 | H73: =E73*G73 -> 44935.13
A74: 5.27 | B74: Composição | C74: Fornecimento e instalação de Luminária tipo plafon, de sobrepor, com 1 lâmpada LED 20 W. | D74: un | E74: 24 | F74: =Composição!F62 -> 64.4 | G74: =F74*$J$1 -> 82.96 | H74: =E74*G74 -> 1991.04
A75: 5.28 | B75: SEDOP 170388 | C75: Fornecimento e instalação de disjuntor termomagnético tripolar termomagnético 20 A - norma DIN | D75: un | E75: 1 | F75: 89.86 | G75: =F75*$J$1 -> 115.76 | H75: =E75*G75 -> 115.76
A76: 5.29 | B76: SEDOP 170900 | C76: Fornecimento e instalação de disjuntor termomagnético tripolar termomagnético 200 A - norma DIN | D76: un | E76: 2 | F76: 334.04 | G76: =F76*$J$1 -> 430.31 | H76: =E76*G76 -> 860.62
A77: 5.30 | B77: 97669 | C77: Fornecimento e instalação de eletroduto flexível corrugado, PEAD, DN 90 (3") | D77: m | E77: 40 | F77: 17.11 | G77: =F77*$J$1 -> 22.04 | H77: =E77*G77 -> 881.6
A78: 5.31 | B78: SEDOP 171034 | C78: Fornecimento e instalação de proteção contra surto Classe II,1P,20KA,175V | D78: un | E78: 4 | F78: 98.92 | G78: =F78*$J$1 -> 127.43 | H78: =E78*G78 -> 509.72
A79: 5.32 | B79: Composição | C79: Fornecimento e instalação de cabo 10 mm² 3,6/6 KV EPR | D79: m | E79: 5500 | F79: =Composição!F75 -> 14.99 | G79: =F79*$J$1 -> 19.31 | H79: =E79*G79 -> 106205 | I79: 1158 | J79: =H79-I79 -> 105047
A80: 5.33 | B80: Composição | C80: Fornecimento e instalação de quadro de transferência automátiva 100 KVA | D80: un | E80: 2 | F80: =Composição!F87 -> 7536.12 | G80: =F80*$J$1 -> 9708.03 | H80: =E80*G80 -> 19416.06
A81: 5.34 | B81: Composição | C81: Instalação de gerador estacionário a diesel 100 KVA - 60Hz - 220/127V com acessórios e revisão com reposição de peças danificadas | D81: un | E81: 2 | F81: =Composição!F101 -> 13865.58 | G81: =F81*$J$1 -> 17861.64 | H81: =E81*G81 -> 35723.28
A82: TOTAL DO ITEM 5 | H82: =SUM(H48:H81) -> 230455.92 | I82: =H82 -> 230455.92
A83: 6 | B83: SISTEMA DE PROTEÇÃO CONTRA DESCARGAS ATMOSFÉRICAS (SPDA)
A84: 6.1 | B84: 96985 | C84: Fornecimento e instalação de haste de aterramento 5/8 para SPDA de aço/cobre, comprimento 2,4 m. | D84: un | E84: 6 | F84: 86.12 | G84: =F84*$J$1 -> 110.94 | H84: =E84*G84 -> 665.64
A85: 6.2 | B85: 96973 | C85: Fornecimento e instalação de cordoalha de cobre nu 35 mm² - não enterrada, com isolador | D85: m | E85: 15 | F85: 42.41 | G85: =F85*$J$1 -> 54.63 | H85: =E85*G85 -> 819.45
A86: 6.3 | B86: 96977 | C86: Fornecimento e instalação de cordoalha de cobre nu 50 mm² - enterrada, sem isolador | D86: m | E86: 65 | F86: 33.82 | G86: =F86*$J$1 -> 43.57 | H86: =E86*G86 -> 2832.05
A87: 6.4 | B87: 96989 | C87: Fornecimento e instalação de captor tipo Franklin para SPDA | D87: un | E87: 1 | F87: 140.01 | G87: =F87*$J$1 -> 180.36 | H87: =E87*G87 -> 180.36
A88: 6.5 | B88: 96988 | C88: Fornecimento e instalação de mastro 1.1/2 para SPDA, comp.= 3 m. | D88: un | E88: 1 | F88: 213.3 | G88: =F88*$J$1 -> 274.77 | H88: =E88*G88 -> 274.77
A89: 6.6 | B89: 98111 | C89: Fornecimento e instalação de caixa de inspeção para aterramento, em polietileno, circular diâmetro interno = 0,3 m | D89: un | E89: 2 | F89: 21.01 | G89: =F89*$J$1 -> 27.07 | H89: =E89*G89 -> 54.14
A90: 6.7 | B90: SEDOP 171110 | C90: Fornecimento e instalação de conector para haste de aterramento de 5/8" | D90: un | E90: 6 | F90: 6.94 | G90: =F90*$J$1 -> 8.94 | H90: =E90*G90 -> 53.64
A91: 6.8 | B91: Composição | C91: Fornecimento e instalação de caixa de equipotencialização - 11 terminais | D91: un | E91: 1 | F91: =Composição!F114 -> 508.06 | G91: =F91*$J$1 -> 654.48 | H91: =E91*G91 -> 654.48
A92: TOTAL DO ITEM 6 | H92: =SUM(H84:H91) -> 5534.53
A93: 7 | B93: DRENAGEM
A94: 7.1 | B94: 89580 | C94: Fornecimento e instalação de tubo de PVC Ø 150 mm | D94: m | E94: 25 | F94: 85.03 | G94: =F94*$J$1 -> 109.54 | H94: =E94*G94 -> 2738.5
A95: 7.2 | B95: 89591 | C95: Fornecimento e instalação de joelho 45° Ø 100 mm | D95: un | E95: 8 | F95: 104.2 | G95: =F95*$J$1 -> 134.23 | H95: =E95*G95 -> 1073.84
A96: 7.3 | B96: 100434 | C96: CALHA DE BEIRAL, SEMICIRCULAR DE PVC, DIAMETRO 150 MM, INCLUINDO CABECEIRAS, EMENDAS, BOCAIS, SUPORTES E VEDAÇÕES, EXCLUINDO CONDUTORES, INCLUSO TRANSPORTE VERTICAL | D96: m | E96: =20.32*2 -> 40.64 | F96: 59.59 | G96: =F96*$J$1 -> 76.76 | H96: =E96*G96 -> 3119.53
A97: 7.4 | B97: 91791 | C97: FORNECIMENTO E INSTALAÇÃO DE TUBOS DE PVC, SÉRIE R, ÁGUA PLUVIAL, DN 150 MM (INSTALADO EM CONDUTORES VERTICAIS), INCLUSIVE CONEXÕES, CORTES E FIXAÇÕES, PARA PRÉDIOS. | D97: m | E97: =3.4*4 -> 13.6 | F97: 90.37 | G97: =F97*$J$1 -> 116.41 | H97: =E97*G97 -> 1583.18
A98: 7.5 | B98: SEDOP 180680 | C98: Fornecimento e instalação de caixa de passagem - 40 x 40 cm com tampa em concreto armado | D98: un | E98: 4 | F98: 250.57 | G98: =F98*$J$1 -> 322.78 | H98: =E98*G98 -> 1291.12
A99: 7.6 | B99: Composição | C99: Execução de ponto de dreno para split (até 10 m de comprimento), incluso conexões e tubos em PVC de 40 mm | D99: Pt | E99: 1 | F99: =Composição!F128 -> 183.11 | G99: =F99*$J$1 -> 235.88 | H99: =E99*G99 -> 235.88
A100: TOTAL DO ITEM 7 | H100: =SUM(H94:H99) -> 10042.05 | I100: =H100 -> 10042.05
A101: 8 | B101: REVESTIMENTO DE PAREDES INTERNAS E EXTERNAS
A102: 8.1 | B102: Composição | C102: Moldura de argamassa (e = 2 cm/ h = 10 cm) | D102: m | E102: =2.2+2.2+0.9+1.3+1.3+2+2 -> 11.9 | F102: =Composição!F143 -> 6.89 | G102: =F102*$J$1 -> 8.88 | H102: =E102*G102 -> 105.67
A103: 8.2 | B103: 87879 | C103: Fornecimento e aplicação de argamassa de cimento e areia na proporção volumétrica 1:3 para chapisco | D103: m² | E103: =E128 -> 410.15 | F103: 3.6 | G103: =F103*$J$1 -> 4.64 | H103: =E103*G103 -> 1903.1
A104: 8.3 | B104: 87529 | C104: Fornecimento e aplicação de argamassa de cimento, cal e areia na proporção volumétrica 1:2:5 para reboco | D104: m² | E104: =E128 -> 410.15 | F104: 35.2 | G104: =F104*$J$1 -> 45.34 | H104: =E104*G104 -> 18596.2
A105: TOTAL DO ITEM 8 | H105: =SUM(H102:H104) -> 20604.97 | I105: =H105 -> 20604.97
A106: 9 | B106: PISOS
A107: 9.1 | B107: Composição | C107: Contrapiso de concreto fck 20 MPa, espessura 6 cm, armado | D107: m³ | E107: =49.75+10.56+2.85+8.96+30.5 -> 102.62 | F107: =Composição!F157 -> 90.74 | G107: =F107*$J$1 -> 116.89 | H107: =E107*G107 -> 11995.25
A108: 9.2 | B108: SEDOP 130626 | C108: Piso de alta resistência e=8mm c/ resina incl. camada regularizadora | D108: m² | E108: =49.75+10.56+2.85+8.96+30.5 -> 102.62 | F108: 100.9 | G108: =F108*$J$1 -> 129.98 | H108: =E108*G108 -> 13338.55
...

Sheet Composição
A8: ESTADO DO PARÁ
A9: PREFEITURA MUNICIPAL DE TUCURUÍ
A10: SECRETARIA MUNICIPAL DE OBRAS, SERVIÇOS URBANOS E HABITAÇÃO
A12: ='ORÇAMENTO - CASA DE FORÇA'!A12:H12 -> CONSTRUÇÃO DE CASA DE FORÇA E FORNECIMENTO E INSTALAÇÃO DE BALIZAMENTO DO AEROPORTO REGIONAL DE TUCURUÍ
A14: ='ORÇAMENTO - CASA DE FORÇA'!A13:H13 -> 0
A16: COMPOSIÇÕES DE PREÇOS UNITÁRIOS
A18: BDI: 28,82%
A19: SINAPI JULHO/2021 e SEDOP MARÇO/2021
A20: ENCARGOS SOCIAIS DESONERADOS: 86,90%(HORA) 47,89%(MÊS)
A22: Item | B22: Descrição | C22: Unid. | D22: Coeficiente | E22: Preço Unit. | F22: Total R$
A23: 1 - SERVIÇOS PRELIMINARES
A24: 1.1 | B24: Instalação provisória de luz e força para obra - unidade
A25: CÓDIGO SINAP/SEOP | B25: Mão de Obra
A26: 88264 | B26: ELETRICISTA COM ENCARGOS COMPLEMENTARES | C26: h | D26: 24 | E26: 19.04 | F26: =ROUND(D26*E26,2) -> 456.96
A27: 88247 | B27: AUXILIAR DE ELETRICISTA COM ENCARGOS COMPLEMENTARES | C27: h | D27: 24 | E27: 14.99 | F27: =ROUND(D27*E27,2) -> 359.76
A28: Subtotal da Mão de Obra | F28: =SUM(F26:F27) -> 816.72
A29: Total do Custo Unitário (A) | F29: =SUM(F28:F28) -> 816.72
B30: Materiais
A31: 994 | B31: CABO DE COBRE, FLEXIVEL, CLASSE 4 OU 5, ISOLACAO EM PVC/A, ANTICHAMA BWF-B,COBERTURA PVC-ST1, ANTICHAMA BWF-B, 1 CONDUTOR, 0,6/1 KV, SECAO NOMINAL 6 MM2 | C31: m | D31: 27 | E31: 7.29 | F31: =ROUND(D31*E31,2) -> 196.83
A32: SEDOP 170882 | B32: Caixa polifásica padrão Celpa | C32: Unid. | D32: 1 | E32: 161.77 | F32: =ROUND(D32*E32,2) -> 161.77
A33: Cotação | B33: POSTE GALV. P/PADRAO 5MT MON/BIF P/02 CX MONTADA | C33: Unid. | D33: 1 | E33: 308 | F33: =ROUND(D33*E33,2) -> 308
A34: Total do Custo Unitário (B) | F34: =SUM(F31:F33) -> 666.6
A35: Total do Custo Unitário (A+B) | F35: =SUM(F29+F34) -> 1483.32
A36: Total do Preço Unitário | F36: =F35 -> 1483.32 | G36: OK
A37: ='ORÇAMENTO - CASA DE FORÇA'!A47:D47 -> 5
A38: Item | B38: Descrição | C38: Unid. | D38: Índice | E38: Preço Unit. | F38: Total R$
A39: ='ORÇAMENTO - CASA DE FORÇA'!A71 -> 5.24 | B39: ='ORÇAMENTO - CASA DE FORÇA'!C71 -> Fornecimento e instalação de refletor retangular LED 30w/220v
B40: Mão de Obra
A41: 88264 | B41: ELETRICISTA COM ENCARGOS COMPLEMENTARES | C41: h | D41: 1 | E41: 19.04 | F41: =ROUND(D41*E41,2) -> 19.04
A42: 88247 | B42: AUXILIAR DE ELETRICISTA COM ENCARGOS COMPLEMENTARES | C42: h | D42: 1 | E42: 14.99 | F42: =ROUND(D42*E42,2) -> 14.99
A43: Subtotal da Mão de Obra | F43: =SUM(F41:F42) -> 34.03
A44: Total Parcial (A) | F44: =SUM(F43:F43) -> 34.03
B45: Materiais
A46: 39390 | B46: LUMINARIA LED REFLETOR RETANGULAR BIVOLT, LUZ BRANCA, 30 W | C46: un | D46: 1 | E46: 47.55 | F46: =ROUND(D46*E46,2) -> 47.55
A47: Total Parcial (B) | F47: =SUM(F46:F46) -> 47.55
A48: Total do Custo Unitário (A+B) | F48: =SUM(F44+F47) -> 81.58
A49: Total do Preço Unitário | F49: =F48 -> 81.58
A50: Item | B50: Descrição | C50: Unid. | D50: Índice | E50: Preço Unit. | F50: Total R$
A51: ='ORÇAMENTO - CASA DE FORÇA'!A74 -> 5.27 | B51: ='ORÇAMENTO - CASA DE FORÇA'!C74 -> Fornecimento e instalação de Luminária tipo plafon, de sobrepor, com 1 lâmpada LED 20 W.
B52: Mão de Obra
A53: 88264 | B53: ELETRICISTA COM ENCARGOS COMPLEMENTARES | C53: h | D53: 0,5355000 | E53: 19.04 | F53: =ROUND(D53*E53,2) -> 10.2
A54: 88247 | B54: AUXILIAR DE ELETRICISTA COM ENCARGOS COMPLEMENTARES | C54: h | D54: 0,2231000 | E54: 14.99 | F54: =ROUND(D54*E54,2) -> 3.34
A55: Subtotal da Mão de Obra | F55: =SUM(F53:F54) -> 13.54
A56: Total Parcial (A) | F56: =SUM(F55:F55) -> 13.54
B57: Materiais
A58: 39385 | B58: LUMINARIA DE TETO PLAFON/PLAFONIER EM PLASTICO COM BASE E27, POTENCIA MAXIMA 60 W (NAO INCLUI LAMPADA) | C58: UN | D58: 1,0000000 | E58: 20.91 | F58: =E58*D58 -> 20.91
A59: COTAÇÃO | B59: lâmpada LED 20 W, tipo bulbo | C59: un | D59: 1 | E59: 29.95 | F59: =ROUND(D59*E59,2) -> 29.95
A60: Total Parcial (B) | F60: =SUM(F58:F59) -> 50.86
A61: Total do Custo Unitário (A+B) | F61: =SUM(F56+F60) -> 64.4
A62: Total do Preço Unitário | F62: =F61 -> 64.4
A63: Item | B63: Descrição | C63: Unid. | D63: Índice | E63: Preço Unit. | F63: Total R$
A64: ='ORÇAMENTO - CASA DE FORÇA'!A79 -> 5.32 | B64: ='ORÇAMENTO - CASA DE FORÇA'!C79 -> Fornecimento e instalação de cabo 10 mm² 3,6/6 KV EPR
B65: Mão de Obra
A66: 88264 | B66: ELETRICISTA COM ENCARGOS COMPLEMENTARES | C66: h | D66: 0,0770000 | E66: 19.04 | F66: =ROUND(D66*E66,2) -> 1.47
A67: 88247 | B67: AUXILIAR DE ELETRICISTA COM ENCARGOS COMPLEMENTARES | C67: h | D67: 0,0770000 | E67: 14.99 | F67: =ROUND(D67*E67,2) -> 1.15
A68: Subtotal da Mão de Obra | F68: =SUM(F66:F67) -> 2.62
A69: Total Parcial (A) | F69: =SUM(F68:F68) -> 2.62 | G69: =37.48+340+400+49+90 -> 916.48
B70: Materiais
A71: Cotação | B71: Cabo 10 mm² 3,6/6 KV EPR | C71: M | D71: 1 | E71: 12.34 | F71: =E71*D71 -> 12.34
A72: 21127 | B72: FITA ISOLANTE ADESIVA ANTICHAMA, USO ATE 750 V, EM ROLO DE 19 MM X 5 M | C72: UN | D72: 0,0090000 | E72: 3.59 | F72: =ROUND(D72*E72,2) -> 0.03
A73: Total Parcial (B) | F73: =SUM(F71:F72) -> 12.37
A74: Total do Custo Unitário (A+B) | F74: =SUM(F69+F73) -> 14.99
A75: Total do Preço Unitário | F75: =F74 -> 14.99
A76: Item | B76: Descrição | C76: Unid. | D76: Índice | E76: Preço Unit. | F76: Total R$
A77: ='ORÇAMENTO - CASA DE FORÇA'!A80 -> 5.33 | B77: ='ORÇAMENTO - CASA DE FORÇA'!C80 -> Fornecimento e instalação de quadro de transferência automátiva 100 KVA
B78: Mão de Obra
A79: 88264 | B79: ELETRICISTA COM ENCARGOS COMPLEMENTARES | C79: h | D79: 4 | E79: 19.04 | F79: =ROUND(D79*E79,2) -> 76.16
A80: 88247 | B80: AUXILIAR DE ELETRICISTA COM ENCARGOS COMPLEMENTARES | C80: h | D80: 4 | E80: 14.99 | F80: =ROUND(D80*E80,2) -> 59.96
A81: Subtotal da Mão de Obra | F81: =SUM(F79:F80) -> 136.12
A82: Total Parcial (A) | F82: =SUM(F81:F81) -> 136.12
B83: Materiais
A84: COTAÇÃO | B84: Quadro de transferência automátiva 100 KVA | C84: un | D84: 1 | E84: 7400 | F84: =ROUND(D84*E84,2) -> 7400
A85: Total Parcial (B) | F85: =SUM(F84:F84) -> 7400
A86: Total do Custo Unitário (A+B) | F86: =SUM(F82+F85) -> 7536.12
A87: Total do Preço Unitário | F87: =F86 -> 7536.12
A88: Item | B88: Descrição | C88: Unid. | D88: Índice | E88: Preço Unit. | F88: Total R$
A89: ='ORÇAMENTO - CASA DE FORÇA'!A81 -> 5.34 | B89: ='ORÇAMENTO - CASA DE FORÇA'!C81 -> Instalação de gerador estacionário a diesel 100 KVA - 60Hz - 220/127V com acessórios e revisão com reposição de peças danificadas
B90: Mão de Obra
A91: 88264 | B91: ELETRICISTA COM ENCARGOS COMPLEMENTARES | C91: h | D91: 45 | E91: 19.04 | F91: =ROUND(D91*E91,2) -> 856.8
A92: 88243 | B92: AJUDANTE ESPECIALIZADO COM ENCARGOS COMPLEMENTARES | C92: h | D92: =45+24 -> 69 | E92: 17.88 | F92: =ROUND(D92*E92,2) -> 1233.72
A93: 88266 | B93: ELETROTÉCNICO COM ENCARGOS COMPLEMENTARES | C93: h | D93: 45 | E93: 21.04 | F93: =ROUND(D93*E93,2) -> 946.8
A94: Subtotal da Mão de Obra | F94: =SUM(F91:F93) -> 3037.32
A95: Total Parcial (A) | F95: =SUM(F94:F94) -> 3037.32
B96: Materiais
A97: 100950 | B97: TRANSPORTE COM CAMINHÃO CARROCERIA COM GUINDAUTO (MUNCK) | C97: TXKM | D97: =11*1.5 -> 16.5 | E97: 2.47 | F97: =E97*D97 -> 40.76
A98: 93285 | B98: GUINDASTE HIDRÁULICO AUTOPROPELIDO, COM LANÇA TELESCÓPICA 40 M CAPACIDADE MÁXIMA 60 T, POTÊNCIA 260 KW | C98: H | D98: 6 | E98: 131.25 | F98: =E98*D98 -> 787.5
B99: Revisão com substituição de peças danificadas | C99: unid. | D99: 1 | E99: 10000 | F99: =E99*D99 -> 10000
A100: Total do Custo Unitário (A+B) | F100: =SUM(F97:F99) -> 10828.26
A101: Total do Preço Unitário | F101: =SUM(F100+F95) -> 13865.58
A102: 5 - SISTEMA DE PROTEÇÃO CONTRA DESCARGAS ATMOSFÉRICAS (SPDA)
A103: Item | B103: Descrição | C103: Unid. | D103: Índice | E103: Preço Unit. | F103: Total R$
A104: ='ORÇAMENTO - CASA DE FORÇA'!A91 -> 6.8 | B104: ='ORÇAMENTO - CASA DE FORÇA'!C91 -> Fornecimento e instalação de caixa de equipotencialização - 11 terminais
B105: Mão de Obra
A106: 88247 | B106: AUXILIAR DE ELETRICISTA COM ENCARGOS COMPLEMENTARES | C106: h | D106: 2 | E106: 14.99 | F106: =E106*D106 -> 29.98
A107: 88264 | B107: ELETRICISTA COM ENCARGOS COMPLEMENTARES | C107: h | D107: 2 | E107: 19.04 | F107: =E107*D107 -> 38.08
A108: Subtotal da Mão de Obra | F108: =SUM(F106:F107) -> 68.06
A109: Total Parcial (A) | F109: =SUM(F108:F108) -> 68.06
B110: Materiais
A111: COTAÇÃO | B111: caixa de equipotencialização - 11 terminais | C111: und | D111: 1 | E111: 440 | F111: =E111*D111 -> 440
A112: Total Parcial (B) | F112: =SUM(F111:F111) -> 440
...

Sheet COMPOSIÇÕES DE CUSTO UNITÁRIO
A1: 1 - Serviços Preliminares
A2: Item | B2: Descrição | C2: Unid. | D2: Coeficiente | E2: Preço Unit. | F2: Total R$
B3: Instalação provisória de água - vb
B4: Mão de Obra
A5: 00002696 | B5: Encanador | C5: h | D5: 1.5 | E5: 10.7 | F5: =ROUND(D5*E5,2) -> 16.05
A6: 00006116 | B6: Ajudante de encanador | C6: h | D6: 3.5 | E6: 8.53 | F6: =ROUND(D6*E6,2) -> 29.86
A7: Subtotal da Mão de Obra | F7: =SUM(F5:F6) -> 45.91
A8: Total do Custo Unitário (A) | F8: =SUM(F7:F7) -> 45.91
B9: Materiais
A10: 00011831 | B10: Torneira uso geral Ø 3/4' | C10: un | D10: 1 | E10: 7.21 | F10: =ROUND(D10*E10,2) -> 7.21
A11: 00009869 | B11: Tubo de PVC soldável Ø 3/4" | C11: m | D11: 25 | E11: 5.17 | F11: =ROUND(D11*E11,2) -> 129.25
A12: 00001423 | B12: Colar de tomada de PVC Ø 3/4" | C12: un | D12: 7.25 | E12: 11.6 | F12: =ROUND(D12*E12,2) -> 84.1
A13: 00003482 | B13: Joelho 90º PVC marrom soldável Ø 25 mm | C13: un | D13: 2 | E13: 2.25 | F13: =ROUND(D13*E13,2) -> 4.5
A14: 00000122 | B14: Adesivo para tubo PVC rígido | C14: kg | D14: 0.006 | E14: 31.96 | F14: =ROUND(D14*E14,2) -> 0.19
A15: 00020083 | B15: Solução limpadora para PVC rígido | C15: l | D15: 0.0025 | E15: 37.85 | F15: =ROUND(D15*E15,2) -> 0.09
A16: Total do Custo Unitário (B) | F16: =SUM(F10:F15) -> 225.34
A17: Total do Custo Unitário (A+B) | F17: =SUM(F8+F16) -> 271.25
A18: Total do Preço Unitário | F18: =F17 -> 271.25
A19: Item | B19: Descrição | C19: Unid. | D19: Coeficiente | E19: Preço Unit. | F19: Total R$
B20: Tapume de telha fibrocimento ondulada (4mm) - Pintura a cal H=2,20m
B21: Mão de Obra
A22: 1213 | B22: Carpinteiro | C22: h | D22: 0.8 | E22: 10.7 | F22: =D22*E22 -> 8.56
A23: 6115 | B23: Servente | C23: h | D23: 0.8 | E23: 7.73 | F23: =D23*E23 -> 6.18
A24: Subtotal da Mão de Obra | F24: =SUM(F22:F23) -> 14.74
A25: Total parcial (A) | F25: =SUM(F24) -> 14.74
B26: Materiais
A27: 7191 | B27: Telha Brasilit ondulada 4mm 2,44x0,50m | C27: un | D27: 1 | E27: 12.12 | F27: =D27*E27 -> 12.12
A28: 5061 | B28: Prego 18x27 | C28: Kg | D28: 0.15 | E28: 6.6 | F28: =D28*E28 -> 0.99
A29: 4513 | B29: Caibro 3ª construção 5x6cm | C29: m | D29: 3.15 | E29: 1.17 | F29: =D29*E29 -> 3.69
A30: Total parcial (B) | F30: =SUM(F27:F29) -> 16.8
A31: Total do Custo Unitário (A+B) | F31: =SUM(F25,F30) -> 31.54
A32: BDI=27,84% | F32: =0.2784*F31 -> 8.78
A33: Total do Preço Unitário | F33: =SUM(F31:F32) -> 40.32
A34: Item | B34: Descrição | C34: Unid. | D34: Índice | E34: Preço Unit. | F34: Total R$
B35: Fornecimento e instalação de fita isolante autofusão 20m - Um
B36: Mão de Obra
A37: 00002436 | B37: Eletricista | C37: h | D37: 0.09 | E37: 10.7 | F37: =E37*D37 -> 0.96
A38: 00006113 | B38: Ajudante de eletricista | C38: h | D38: 0.09 | E38: 8.47 | F38: =E38*D38 -> 0.76
A39: Subtotal da Mão de Obra | F39: =SUM(F37:F38) -> 1.72
A40: Total Parcial (A) | F40: =SUM(F39:F39) -> 1.72
B41: Materiais
A42: 00000404 | B42: FITA ISOLANTE AUTO-FUSAO BT REF 3M OU SIMILAR | C42: m | D42: =20 -> 20 | E42: 1.64 | F42: =E42*D42 -> 32.8
A43: Total Parcial (B) | F43: =F42 -> 32.8
A44: Total do Custo Unitário (A+B) | F44: =SUM(F40+F43) -> 34.52
A45: Total do Preço Unitário | F45: =F44 -> 34.52
A46: Item | B46: Descrição | C46: Unid. | D46: Coeficiente | E46: Preço Unit. | F46: Total R$
A47: 6.45 | B47: Fornecimento e instalação de de pendente BL7000 - un
B48: Mão de Obra
A49: 00002436 | B49: Eletricista | C49: h | D49: 0.5 | E49: 9.82 | F49: =E49*D49 -> 4.91
A50: 00006113 | B50: Ajudante de eletricista | C50: h | D50: 0.5 | E50: 7.77 | F50: =E50*D50 -> 3.89
A51: Subtotal da Mão de Obra | F51: =SUM(F49:F50) -> 8.8
A52: Total Parcial (A) | F52: =SUM(F51:F51) -> 8.8
B53: Materiais
A54: Comercial Goiânia | B54: Pendente BL7000 | C54: un | D54: 1 | E54: 136.5 | F54: =E54*D54 -> 136.5
A55: Comercial Goiânia | B55: Reator 160 w, vapor metálico | C55: un | D55: 1 | E55: 46.65 | F55: =ROUND(D55*E55,2) -> 46.65
A56: 00012216 | B56: Lâmpada de vapor metálico 160w | C56: un | D56: 1 | E56: 20.5 | F56: =ROUND(D56*E56,2) -> 20.5
A57: Total Parcial (B) | F57: =SUM(F54:F56) -> 203.65
A58: Total do Custo Unitário (A+B) | F58: =SUM(F52+F57) -> 212.45
A59: Total do Preço Unitário | F59: =F58 -> 212.45
A60: Item | B60: Descrição | C60: Unid. | D60: Coeficiente | E60: Preço Unit. | F60: Total R$
A61: 6.46 | B61: luminária de embutir p/ halogena dicróica 50 w - un
B62: Mão de Obra
A63: 00002436 | B63: Eletricista | C63: h | D63: 0.9 | E63: 9.82 | F63: =ROUND(D63*E63,2) -> 8.84
A64: 00006113 | B64: Ajudante de eletricista | C64: h | D64: 0.9 | E64: 7.77 | F64: =ROUND(D64*E64,2) -> 6.99
A65: Subtotal da Mão de Obra | F65: =SUM(F63:F64) -> 15.83
A66: Total Parcial (A) | F66: =SUM(F65:F65) -> 15.83
B67: Materiais
A68: Cotação Comercial Goiânia | B68: Luminária modelo BL 112 G em alumínio, com vidro temperado, moldura com aro de alumínio injetado com anel de silicone e pintura eletrotástica | C68: un | D68: 1 | E68: 83.2 | F68: =ROUND(D68*E68,2) -> 83.2
A69: Cotação Comercial Goiânia | B69: Lâmpada PAR 30- 50W /220V | C69: un | D69: 2 | E69: 18.51 | F69: =ROUND(D69*E69,2) -> 37.02
A70: 00020110 | B70: Fita isolante | C70: m | D70: 2 | E70: =4.2/10 -> 0.42 | F70: =ROUND(D70*E70,2) -> 0.84
A71: Total Parcial (B) | F71: =SUM(F68:F70) -> 121.06
A72: Total do Custo Unitário (A+B) | F72: =SUM(F66+F71) -> 136.89
A73: Total do Preço Unitário | F73: =F72 -> 136.89
A74: Item | B74: Descrição | C74: Unid. | D74: Coeficiente | E74: Preço Unit. | F74: Total R$
B75: Quadro de medição Rede Celpa com caixa de embutir para um medidor polifásico - un
B76: Mão de Obra
A77: 00002436 | B77: Eletricista | C77: h | D77: 1 | E77: 10.7 | F77: =D77*E77 -> 10.7
A78: 00006113 | B78: Ajudante de eletricista | C78: h | D78: 1 | E78: 8.47 | F78: =D78*E78 -> 8.47
A79: Subtotal da Mão de Obra | F79: =SUM(F77:F78) -> 19.17
A80: Total Parcial (A) | F80: =SUM(F79:F79) -> 19.17
B81: Materiais
A82: Preço local | B82: Quadro de medição Rede Celpa com caixa de embutir para um medidor polifásico | C82: un | D82: 1 | E82: 81.4 | F82: =D82*E82 -> 81.4
A83: Total Parcial (B) | F83: =F82 -> 81.4
A84: Total do Custo Unitário (A+B) | F84: =SUM(F80+F83) -> 100.57
A85: Total do Preço Unitário | F85: =F84 -> 100.57
A86: Item | B86: Descrição | C86: Unid. | D86: Coeficiente | E86: Preço Unit. | F86: Total R$
B87: Quadro de distribuição plástico, de embutir, barramento monofásico, padrão DIN (Ref. Hager), capacidade 8 disjuntores unipolares
B88: Mão de Obra
A89: 00002436 | B89: Eletricista | C89: h | D89: 1 | E89: 10.7 | F89: =D89*E89 -> 10.7
A90: 00006113 | B90: Ajudante de eletricista | C90: h | D90: 1 | E90: 8.47 | F90: =D90*E90 -> 8.47
A91: Subtotal da Mão de Obra | F91: =SUM(F89:F90) -> 19.17
A92: Total Parcial (A) | F92: =SUM(F91:F91) -> 19.17
B93: Materiais
A94: 13392 | B94: Quadro de distribuição plástico, capacidade 8 disjuntores unipolares | C94: un | D94: 1 | E94: 139.07 | F94: =D94*E94 -> 139.07
A95: Total Parcial (B) | F95: =F94 -> 139.07
A96: Total do Custo Unitário (A+B) | F96: =SUM(F92+F95) -> 158.24
A97: Total do Preço Unitário | F97: =F96 -> 158.24
A98: Item | B98: Descrição | C98: Unid. | D98: Índice | E98: Preço Unit. | F98: Total R$
B99: Fornecimento e instalação de eletroduto PVC roscável, vara 3m Ø 3/4" m
B100: Mão de Obra
...

Sheet CRON. FÍS REPROGRAMAÇÃO
A7: ESTADO DO PARÁ
A8: PREFEITURA MUNICIPAL DE TUCURUÍ
A9: SECRETARIA MUNICIPAL DE OBRAS, SERVIÇOS URBANOS E HABITAÇÃO
A11: ='ORÇAMENTO - CASA DE FORÇA'!A12:H12 -> CONSTRUÇÃO DE CASA DE FORÇA E FORNECIMENTO E INSTALAÇÃO DE BALIZAMENTO DO AEROPORTO REGIONAL DE TUCURUÍ
A13: CRONOGRAMA FÍSICO-FINANCEIRO
A16: ITEM | B16: PERÍODO DE EXECUÇÃO | D16: 1º Mês | H16: 2º Mês | L16: 3º Mês | P16: 4º Mês | T16: 5º Mês | X16: 6º Mês | AB16: % da Obra
B18: Mobilização
B21: DESCRIÇÃO DOS SERVIÇOS | C21: R$ | D21: Semanas | H21: Semanas | L21: Semanas | P21: Semanas | T21: Semanas | X21: Semanas
D22: 1ª | E22: 2ª | F22: 3ª | G22: 4ª | H22: 5ª | I22: 6ª | J22: 7ª | K22: 8ª | L22: 9ª | M22: 10ª | N22: 11ª | O22: 12ª | P22: 13ª | Q22: 14ª | R22: 15ª | S22: 16ª | T22: 17ª | U22: 18ª | V22: 19ª | W22: 20ª | X22: 17ª | Y22: 18ª | Z22: 19ª | AA22: 20ª
A23: 1 | B23: ='ORÇAMENTO - CASA DE FORÇA'!B19 -> SERVIÇOS PRELIMINARES | C23: ='ORÇAMENTO - CASA DE FORÇA'!H24 -> 5671.51 | D23: 1 | AB23: =C23/$C$77 -> 0.0051
D25: =C23*D23 -> 5671.51 | AC25: =SUM(D25:W25) -> 5671.51
A26: 2 | B26: ='ORÇAMENTO - CASA DE FORÇA'!B25 -> INFRAESTRUTURA E SUPERESTRUTURA | C26: ='ORÇAMENTO - CASA DE FORÇA'!H36 -> 47267.64 | D26: 0.35 | H26: 0.65 | AB26: =C26/$C$77 -> 0.0422
D28: =D26*$C$26 -> 16543.67 | H28: =H26*$C$26 -> 30723.97 | AC28: =SUM(D28:AA28) -> 47267.64
A29: 3 | B29: ='ORÇAMENTO - CASA DE FORÇA'!B37 -> VEDAÇÕES INTERNAS E EXTERNAS | C29: ='ORÇAMENTO - CASA DE FORÇA'!H40 -> 21841.12 | L29: 1 | AB29: =C29/$C$77 -> 0.0195
L31: =$C29*L29 -> 21841.12 | AC31: =SUM(D31:AA31) -> 21841.12
A32: 4 | B32: ='ORÇAMENTO - CASA DE FORÇA'!B41 -> COBERTURA | C32: ='ORÇAMENTO - CASA DE FORÇA'!H46 -> 28960.91 | L32: 0.1 | P32: 0.9 | AB32: =C32/$C$77 -> 0.0258
L34: =$C32*L32 -> 2896.09 | P34: =$C32*P32 -> 26064.82 | AC34: =SUM(D34:AA34) -> 28960.91
A35: 5 | B35: ='ORÇAMENTO - CASA DE FORÇA'!B47 -> INSTALAÇÕES ELÉTRICAS | C35: ='ORÇAMENTO - CASA DE FORÇA'!H82 -> 230455.92 | L35: 0.25 | P35: 0.4 | T35: 0.25 | X35: 0.1 | AB35: =C35/$C$77 -> 0.2057
L37: =$C35*L35 -> 57613.98 | P37: =$C35*P35 -> 92182.37 | T37: =$C35*T35 -> 57613.98 | X37: =$C35*X35 -> 23045.59 | AC37: =SUM(D37:AA37) -> 230455.92
A38: 6 | B38: ='ORÇAMENTO - CASA DE FORÇA'!B83 -> SISTEMA DE PROTEÇÃO CONTRA DESCARGAS ATMOSFÉRICAS (SPDA) | C38: ='ORÇAMENTO - CASA DE FORÇA'!H92 -> 5534.53 | P38: 1 | AB38: =C38/$C$77 -> 0.0049
P40: =$C38*P38 -> 5534.53 | AC40: =SUM(D40:AA40) -> 5534.53
A41: 7 | B41: ='ORÇAMENTO - CASA DE FORÇA'!B93 -> DRENAGEM | C41: ='ORÇAMENTO - CASA DE FORÇA'!H100 -> 10042.05 | D41: 0.25 | H41: 0.15 | L41: 0.15 | P41: 0.45 | AB41: =C41/$C$77 -> 0.009
D43: =$C41*D41 -> 2510.51 | H43: =$C41*H41 -> 1506.31 | L43: =$C41*L41 -> 1506.31 | P43: =$C41*P41 -> 4518.92 | AC43: =SUM(D43:AA43) -> 10042.05
A44: 8 | B44: ='ORÇAMENTO - CASA DE FORÇA'!B101 -> REVESTIMENTO DE PAREDES INTERNAS E EXTERNAS | C44: ='ORÇAMENTO - CASA DE FORÇA'!H105 -> 20604.97 | H44: 0.45 | L44: 0.3 | P44: 0.25 | AB44: =C44/$C$77 -> 0.0184
H46: =$C44*H44 -> 9272.24 | L46: =$C44*L44 -> 6181.49 | P46: =$C44*P44 -> 5151.24 | AC46: =SUM(D46:AA46) -> 20604.97
A47: 9 | B47: ='ORÇAMENTO - CASA DE FORÇA'!B106 -> PISOS | C47: ='ORÇAMENTO - CASA DE FORÇA'!H112 -> 42292.66 | L47: 0.24 | P47: 0.26 | T47: 0.24 | X47: 0.26 | AB47: =C47/$C$77 -> 0.0377
L49: =$C47*L47 -> 10150.24 | P49: =$C47*P47 -> 10996.09 | T49: =$C47*T47 -> 10150.24 | X49: =$C47*X47 -> 10996.09 | AC49: =SUM(D49:AA49) -> 42292.66
A50: 10 | B50: ='ORÇAMENTO - CASA DE FORÇA'!B113 -> ESQUADRIAS/PORTÕES E GRADES | C50: ='ORÇAMENTO - CASA DE FORÇA'!H119 -> 17088.13 | L50: 0.49 | P50: 0.51 | AB50: =C50/$C$77 -> 0.0153
L52: =$C50*L50 -> 8373.18 | P52: =$C50*P50 -> 8714.95 | AC52: =SUM(D52:AA52) -> 17088.13
A53: 11 | B53: ='ORÇAMENTO - CASA DE FORÇA'!B120 -> FORRO | C53: ='ORÇAMENTO - CASA DE FORÇA'!H123 -> 18457.99 | P53: 0.1 | T53: 0.9 | AB53: =C53/$C$77 -> 0.0165
P55: =$C53*P53 -> 1845.8 | T55: =$C53*T53 -> 16612.19 | X55: =$C53*X53 -> 0 | AC55: =SUM(D55:AA55) -> 18457.99
A56: 12 | B56: ='ORÇAMENTO - CASA DE FORÇA'!B124 -> GRANITO | C56: ='ORÇAMENTO - CASA DE FORÇA'!H126 -> 269.29 | P56: 1 | AB56: =C56/$C$77 -> 0.0002
P58: =$C56*P56 -> 269.29 | AC58: =SUM(D58:AA58) -> 269.29
A59: 13 | B59: ='ORÇAMENTO - CASA DE FORÇA'!B127 -> PINTURA | C59: ='ORÇAMENTO - CASA DE FORÇA'!H136 -> 22078.87 | L59: 0.28 | P59: 0.21 | T59: 0.19 | X59: 0.32 | AB59: =C59/$C$77 -> 0.0197
H61: =$C59*H59 -> 0 | L61: =$C59*L59 -> 6182.08 | P61: =$C59*P59 -> 4636.56 | T61: =$C59*T59 -> 4194.99 | X61: =$C59*X59 -> 7065.24 | AC61: =SUM(D61:AA61) -> 22078.87
A62: 14 | B62: ='ORÇAMENTO - CASA DE FORÇA'!B137 -> SERVIÇOS DIVERSOS | C62: ='ORÇAMENTO - CASA DE FORÇA'!H142 -> 7297.79 | X62: 1 | AB62: =C62/$C$77 -> 0.0065
X64: =$C62*X62 -> 7297.79 | AC64: =SUM(D64:AA64) -> 7297.79
A65: 15 | B65: ='ORÇAMENTO - CASA DE FORÇA'!B143 -> SISTEMA DE COMBATE A INCÊNDIO | C65: ='ORÇAMENTO - CASA DE FORÇA'!H147 -> 2075.75 | T65: 1 | AB65: =C65/$C$77 -> 0.0019
T67: =$C65*T65 -> 2075.75 | AC67: =SUM(D67:AA67) -> 2075.75
A68: 16 | B68: ='ORÇAMENTO - CASA DE FORÇA'!B148 -> SERVIÇOS COMPLEMENTARES | C68: ='ORÇAMENTO - CASA DE FORÇA'!H151 -> 3069.89 | X68: 1 | AB68: =C68/$C$77 -> 0.0027
X70: =X68*C68 -> 3069.89 | AC70: =SUM(D70:AA70) -> 3069.89
A71: 17 | B71: ='ORÇAMENTO - CASA DE FORÇA'!B152 -> EQUIPAMENTOS DE AR CONDICIONADO | C71: ='ORÇAMENTO - CASA DE FORÇA'!H154 -> 5404.77 | T71: 1 | AB71: =C71/$C$77 -> 0.0048
T73: =$C71*T71 -> 5404.77 | X73: =$C71*X71 -> 0 | AC73: =SUM(D73:AA73) -> 5404.77
A74: 18 | B74: ='ORÇAMENTO - CASA DE FORÇA'!B155 -> BALIZAMENTO DA PISTA DE POUSO/DECOLAGEM E TAXIAMENTO | C74: ='ORÇAMENTO - CASA DE FORÇA'!H175 -> 631936.12 | D74: 0.1 | H74: 0.1 | L74: 0.15 | P74: 0.25 | T74: 0.2 | X74: 0.2 | AB74: =C74/$C$77 -> 0.5641
D76: =$C74*D74 -> 63193.61 | H76: =$C74*H74 -> 63193.61 | L76: =$C74*L74 -> 94790.42 | P76: =$C74*P74 -> 157984.03 | T76: =T74*C74 -> 126387.22 | X76: =X74*C74 -> 126387.22 | AC76: =SUM(D76:AA76) -> 631936.11
A77: VALOR DO CRONOGRAMA R$ | C77: =SUM(C23:C76) -> 1120349.9 | D77: =D25+D31+D34+D37+D40+D43+D46+D49+D52+D55+D58+D61+D64+D67+D70+D73 -> 8182.02 | H77: =H25+H28+H31+H34+H37+H40+H43+H46+H49+H52+H55+H58+H61+H64+H67+H70+H73 -> 41502.52 | L77: =L25+L28+L31+L34+L37+L40+L43+L46+L49+L52+L55+L58+L61+L64+L67+L70+L73+L76 -> 209534.91 | P77: =P25+D28+P31+P34+P37+P40+P43+P46+P49+P52+P55+P58+P61+P64+P67+P70+P73+P76 -> 334442.27 | T77: =T25+T28+T31+T34+T37+T40+T43+T46+T49+T52+T55+T58+T61+T64+T67+X70+T73+T76 -> 225509.03 | X77: =X25+X28+X31+X34+X37+X40+X43+X46+X49+X52+X55+X58+X61+X64+X67+AB70+X73+X76 -> 174791.93 | AB77: =SUM(AB23:AB76) -> 1
A78: PERCENTUAL MENSAL | C78: 1 | D78: =D77/$C77 -> 0.0073 | H78: =H77/$C77 -> 0.037 | L78: =L77/$C77 -> 0.187 | P78: =P77/$C77 -> 0.2985 | T78: =T77/$C77 -> 0.2013 | X78: =X77/$C77 -> 0.156 | AB78: =D78+H78+L78+P78+T78+X78 -> 0.887 | AC78: =SUM(AC23:AC76) -> 1120349.9
